 Dungeon Crawl Stone Soup version 0.23.0-3-gf3c87f2 (webtiles) character file.

Game seed: 4610004932133488462

569 Irenicus the Geomancer (level 7, 0/55 HPs)
             Began as a Deep Dwarf Earth Elementalist on Feb 24, 2019.
             Slain by an adder (1 damage)
             ... in a sewer.
             The game lasted 00:18:16 (1982 turns).

Irenicus the Geomancer (DDEE)                       Turns: 1982, Time: 00:18:16

Health: 0/55       AC:  2    Str: 13    XL:     7   Next: 11%
Magic:  1/6        EV: 12    Int: 18    God:
Gold:   146        SH:  0    Dex: 13    Spells: 4/10 levels left

rFire    . . .     SeeInvis .   a - +1 club
rCold    . . .     Gourm    .   (no shield)
rNeg     . . .     Faith    .   c - +0 robe
rPois    .         Spirit   .   (no helmet)
rElec    .         Reflect  .   (no cloak)
rCorr    .         Harm     +   (no gloves)
MR       +....                  (no boots)
Stlth    ++........             l - amulet of harm
HPRegen  0.00/turn              (no ring)
MPRegen  0.10/turn              (no ring)

@: lethally poisoned (0 -> 0), very slightly contaminated, non-regenerating
A: damage resistance, heal wounds, sense surroundings 1, screaming 1, strong 1,
no regeneration
a: Heal Wounds


You were in a sewer.
You were hungry.

You visited 1 branch of the dungeon, and saw 3 of its levels.
You also visited: Sewer.

You collected 146 gold pieces.

Inventory:

Hand Weapons
 a - a +1 club (weapon)
   (You took it off a hobgoblin on level 1 of the Dungeon)
Armour
 c - a +0 robe (worn)
 n - a +0 helmet
   (You took it off Robin on level 2 of the Dungeon)
Jewellery
 j - an uncursed amulet of the gourmand {Gourm, !d}
   (You found it on level 2 of the Dungeon)
 l - an amulet of harm (around neck)
   (You found it on level 2 of the Dungeon)
Wands
 p - a wand of disintegration (10)
   (You found it on level 3 of the Dungeon)
Scrolls
 b - 2 scrolls of fog
 g - 2 scrolls of blinking {!r}
 i - a scroll of enchant weapon
 k - 2 scrolls of magic mapping {unknown}
 m - a scroll of fear {unknown}
 q - 2 scrolls of identify {unknown}
Potions
 e - a potion of brilliance
 f - 2 potions of might
Comestibles
 d - 2 rations


   Skills:
 - Level 2.1 Dodging
 - Level 2.4 Stealth
 - Level 2.2 Spellcasting
 - Level 0.8 Transmutations
 + Level 10.4 Earth Magic


You had 4 spell levels left.
You knew the following spells:

 Your Spells              Type           Power        Failure   Level  Hunger
a - Sandblast             Erth           #####.       1%          1    #......
w - Passwall              Tmut/Erth      ###.....     2%          2    ##.....
x - Stone Arrow           Conj/Erth      ###...       6%          3    ###....

Your spell library contained the following spells:

 Spells                   Type           Power        Failure   Level  Hunger
 Petrify                  Tmut/Erth      ###.....     17%         4    #####..
 Lee's Rapid Deconstruct  Erth           #####.....   7%          5    ######.


Dungeon Overview and Level Annotations

Branches:
Dungeon (3/15)

Altars:
Elyvilon
Qazlal
Xom


Innate Abilities, Weirdness & Mutations

You are resistant to damage.
You can heal yourself by infusing magical energy.
You passively map a small area around you.
You do not regenerate.
You occasionally shout uncontrollably at your foes.
Your muscles are strong. (Str +2)


Message History

You take 5 damage, and have 35/55 hp.
You barely miss the frilled lizard.
The ball python bites you but does no damage.
The adder closely misses you. The ball python bites you.
The ball python constricts you. The ball python barely misses you.
The frilled lizard barely misses you.
You closely miss the adder. The adder bites you. The ball python bites you.
The ball python constricts you. The ball python bites you.
The frilled lizard bites you but does no damage.
The adder barely misses you. The ball python barely misses you.
The ball python constricts you.
You take 5 damage, and have 30/55 hp.
You barely miss the adder.
The ball python bites you but does no damage.
The adder bites you. The ball python barely misses you.
The ball python constricts you. The frilled lizard bites you.
The ball python bites you. The adder closely misses you.
The ball python bites you. The ball python constricts you.
You take 2 damage, and have 28/55 hp.
Okay, then.
Aim: an adder (water)
You miscast Stone Arrow.
You are very lightly contaminated with residual magic.
Nothing appears to happen.
The frilled lizard bites you. The ball python closely misses you.
The adder bites you but does no damage. The ball python bites you.
The ball python constricts you.
You now have 0/6 mp.
Okay, then.
You barely miss the frilled lizard.
The ball python bites you but does no damage.
The adder bites you.
You are more poisoned.
The adder poisons you! The frilled lizard bites you. The ball python bites you.
The ball python constricts you. The adder bites you.
You are more poisoned.
The adder poisons you! The ball python bites you.
The frilled lizard barely misses you.
You take 1 damage, and have 27/55 hp.
You barely miss the frilled lizard. The ball python barely misses you.
The ball python constricts you. The adder bites you. The ball python bites you.
The frilled lizard barely misses you. The ball python bites you.
The ball python constricts you.
You hit the frilled lizard.
You kill the frilled lizard!
The adder bites you.
You are more poisoned.
The adder poisons you! The ball python closely misses you.
The ball python bites you. The ball python constricts you. The adder bites you.
The ball python barely misses you.
You take 1 damage, and have 26/55 hp.
Why would you want to do that?
You hit the ball python.
You kill the ball python!
The adder barely misses you. The ball python bites you.
The ball python misses you. The adder barely misses you.
You hit the ball python but do no damage.
The ball python bites you. The ball python completely misses you.
The adder closely misses you.
The ball python bites you but does no damage.
The ball python grabs you. The ball python constricts you.
You take 1 damage, and have 25/55 hp.
You barely miss the ball python. The adder barely misses you.
The ball python bites you but does no damage.
The ball python constricts you. The adder bites you.
You are more poisoned.
The adder poisons you! The ball python closely misses you.
The ball python constricts you.
You take 1 damage, and have 24/55 hp.
You hit the ball python.
You feel sick. The adder bites you.
You are more poisoned.
The adder poisons you!
The ball python bites you but does no damage.
The ball python constricts you. The adder bites you.
You take 7 damage, and have 17/55 hp.
You barely miss the ball python.
You feel very sick.
The ball python bites you but does no damage.
The ball python constricts you. The adder bites you.
* * * LOW HITPOINT WARNING * * *
The ball python bites you. The ball python constricts you. The adder bites you.
* * * LOW HITPOINT WARNING * * *
You take 8 damage, and have 9/55 hp.
Okay, then.
You closely miss the ball python.
You feel very sick.
The ball python bites you but does no damage.
The ball python constricts you. The adder barely misses you.
You take 3 damage, and have 6/55 hp.
You hit the ball python.
You kill the ball python!
The adder bites you.
* * * LOW HITPOINT WARNING * * *
You are more poisoned.
The adder poisons you! The adder closely misses you.
You take 3 damage, and have 3/55 hp.
Why would you want to do that?
You closely miss the adder.
* * * LOW HITPOINT WARNING * * *
You feel sick. The adder bites you.
You die...

#####################
###..≈≈≈≈≈≈≈≈S≈≈≈≈≈≈... *
##....≈≈≈≈≈≈≈.@†#≈≈≈≈≈..
#.....≈≈≈≈≈≈≈≈≈≈≈≈≈≈≈...
#....≈≈≈≈≈≈≈≈≈≈≈≈≈≈≈≈... *
##....≈≈≈≈≈≈≈≈≈≈≈≈≈≈≈≈...,
#.....#≈≈≈≈≈≈≈≈≈≈≈≈≈≈≈#..,
#....################## #
##...#### #.†.÷#..# *
#...†'..# ,


You could see an adder.

Vanquished Creatures
  2 bullfrogs (Sewer)
  A gnoll shaman (D:3)
  Natasha (twice) (D:2)
  Robin (D:2)
  5 gnolls (D:3)
  8 river rats
  8 adders
  An ooze (D:3)
  An adder zombie (D:1)
  7 worms
  3 dart slugs
  3 leopard geckos
  2 orcs (D:3)
  5 giant cockroaches
  19 goblins
  14 hobgoblins
  12 ball pythons (Sewer)
  6 bats
  10 frilled lizards
  11 kobolds
  A leopard gecko zombie (D:1)
  32 rats
  A butterfly (D:3)
155 creatures vanquished.

Notes
Turn   | Place    | Note
-------+----------+-------------------------------------------
     0 | D:1      | Irenicus the Deep Dwarf Earth Elementalist began the quest
                  | for the Orb.
     0 | D:1      | Reached XP level 1. HP: 15/15 MP: 3/3
    86 | D:1      | Reached skill level 2 in Spellcasting
   154 | D:1      | Reached XP level 2. HP: 5/22 MP: 1/5
   177 | D:1      | HP: 4/22 [rat (1)]
   188 | D:1      | HP: 3/22 [rat (1)]
   193 | D:1      | HP: 1/22 [rat (1)]
   297 | D:1      | Reached skill level 5 in Earth Magic
   358 | D:2      | Reached XP level 3. HP: 25/28 MP: 3/6
   467 | D:2      | Reached skill level 6 in Earth Magic
   545 | D:2      | Reached XP level 4. HP: 31/36 MP: 1/7
   549 | D:2      | Learned a level 2 spell: Passwall
   598 | D:2      | Found a stormy altar of Qazlal.
   654 | D:2      | Irenicus: ?? harm
   654 | D:2      | beem: amulet of harm[1/1]: Increases damage done by the
                  | wearer by 30% and to the wearer by 20%. Applied after AC.
                  | It applies to damage from melee, ranged, spells, abilities,
                  | evocations, clouds, falling down stairs, etc. Drains you on
                  | removal.
   673 | D:2      | Noticed Natasha
   678 | D:2      | Killed Natasha
   751 | D:2      | Found a shimmering altar of Xom.
   780 | D:2      | Noticed Robin
   782 | D:2      | Reached skill level 7 in Earth Magic
   830 | D:2      | Killed Robin
   830 | D:2      | Reached XP level 5. HP: 42/42 MP: 0/8
   924 | D:2      | Noticed Natasha
   927 | D:2      | Killed Natasha
  1291 | D:3      | Reached skill level 8 in Earth Magic
  1378 | D:3      | Found a white marble altar of Elyvilon.
  1460 | D:3      | Learned a level 3 spell: Stone Arrow
  1466 | D:3      | Reached XP level 6. HP: 21/49 MP: 1/9
  1467 | D:3      | HP: 12/49 [gnoll/+0 flail (9)]
  1477 | D:3      | HP: 11/49 [orc (1)]
  1497 | D:3      | Gained mutation: You occasionally shout uncontrollably at
                  | your foes. [potion of mutation]
  1497 | D:3      | Gained mutation: Your muscles are strong. (Str +2) [potion
                  | of mutation]
  1499 | D:3      | HP: 16/73 [hobgoblin (1)]
  1509 | D:3      | HP: 15/73 [frilled lizard (1)]
  1531 | D:3      | HP: 6/49 [rat (1)]
  1551 | D:3      | Reached skill level 9 in Earth Magic
  1591 | D:3      | HP: 12/49 [rat (2)]
  1638 | D:3      | Found a glowing drain.
  1646 | Sewer    | Entered a sewer
  1671 | Sewer    | HP: 11/49 [rat (1)]
  1688 | Sewer    | HP: 10/49 [rat (1)]
  1828 | Sewer    | HP: 9/49 [river rat (6)]
  1853 | Sewer    | HP: 12/49 [rat (1)]
  1948 | Sewer    | Reached skill level 10 in Earth Magic
  1951 | Sewer    | HP: 12/49 [bullfrog (5)]
  1959 | Sewer    | HP: 11/49 [bullfrog (8)]
  1962 | Sewer    | Reached XP level 7. HP: 41/55 MP: 2/6
  1979 | Sewer    | HP: 11/55 [adder (3)]
  1981 | Sewer    | HP: 3/55 [adder (3)]
  1982 | Sewer    | HP: 1/55 [poisoned by an adder]
  1982 | Sewer    | Slain by an adder

Skill      XL: |  1  2  3  4  5  6 |
---------------+-------------------+-----
Spellcasting   | 2 |  2.2
Earth Magic    | 5 6 7 8 10 | 10.4
Dodging        | |  2.1
Stealth        | |  2.4
Transmutations | |  0.8

Action                   |  1- 3 |  4- 6 |  7- 9 || total
-------------------------+-------+-------+-------++-------
Melee: Club              |    67 |   257 |    18 ||   342
 Cast: Sandblast         |    49 |    52 |       ||   101
       Passwall          |       |     8 |       ||     8
       Stone Arrow       |       |    15 |       ||    15
 Abil: Heal Wounds       |     1 |     7 |       ||     8
Evoke: Wand              |       |     5 |       ||     5
  Use: Potion            |     1 |     7 |       ||     8
       Scroll            |       |     3 |       ||     3
 Stab: Sleeping          |     1 |     4 |       ||     5
       Distracted        |       |     2 |       ||     2
  Eat: Chunk             |       |     8 |       ||     8
Armor: Robe              |    16 |   128 |    20 ||   164
       Skin              |       |    57 |       ||    57
Dodge: Dodged            |    81 |   439 |    37 ||   557

Levels and vault maps discovered:
D:1:      saegor_arrival_fortress, layout_basic
D:2:      layout_loops_ring, overflow_temple_1_default,
          brannock_xom_greatest_gift, uniq_natasha, uniq_robin
D:3:      layout_loops_ring, elyvilon_altar_5, lightli_sewer_entry_pipes,
          serial_aquarium, aquarium_bridge_long_separate
          [aquarium_subvault_wall, aquarium_subvault_wall,
          aquarium_subvault_bridge, aquarium_subvault_bridge,
          aquarium_subvault_bridge, aquarium_subvault_balcony],
          aquarium_bridge_straight [aquarium_subvault_bridge,
          aquarium_subvault_wall, aquarium_subvault_bridge,
          aquarium_subvault_wall], aquarium_window_fake, aquarium_window_1,
          aquarium_window_corner, aquarium_view_2b, aquarium_balcony_3a,
          aquarium_pool_side
Sewer:    sewer_minmay_w

Table legend:
 A = Turns spent in this place as a percentage of turns spent in the entire game.
 B = Non-inter-level travel turns spent in this place as a percentage of non-inter-level travel turns spent in the entire game.
 C = Inter-level travel turns spent in this place as a percentage of turns spent in this place.
 D = Turns resting spent in this place as a percentage of non-inter-level travel turns spent in this place.
 E = Turns spent auto-exploring this place as a percentage of non-inter-level travel turns spent in this place.
 F = Non-inter-level travel turns spent in this place divided by the number of levels of this place that you've seen.
                   A       B       C       D       E      F
               +-------+-------+-------+-------+-------+----------------------
         Total | 100.0 | 100.0 |   1.7 |   0.7 |   0.0 | 487.0
       Dungeon |  83.0 |  82.8 |   2.1 |   0.9 |   0.0 | 537.3
         Sewer |  17.0 |  17.2 |   0.0 |   0.0 |   0.0 | 336.0
               +-------+-------+-------+-------+-------+----------------------

Table legend:
 A = Kills in this place as a percentage of kills in entire the game.
 B = Kills by you in this place as a percentage of kills by you in the entire game.
 C = Kills by friends in this place as a percentage of kills by friends in the entire game.
 D = Other kills in this place as a percentage of other kills in the entire game.
 E = Experience gained in this place as a percentage of experience gained in the entire game.
 F = Experience gained in this place divided by the number of levels of this place that you have seen.
                   A       B       C       D       E      F
               +-------+-------+-------+-------+-------+----------------------
         Total | 100.0 | 100.0 |   N/A |   N/A | 100.0 | 203.2
       Dungeon |  69.5 |  69.5 |   N/A |   N/A |  60.0 | 162.7
         Sewer |  30.5 |  30.5 |   N/A |   N/A |  40.0 | 325.0
               +-------+-------+-------+-------+-------+----------------------
